 Dungeon Crawl Stone Soup version 0.20.1-1-g8b1a95d (webtiles) character file.

77 Irenicus the Insei (level 4, -2/34 HPs)
             Began as an Octopode Chaos Knight on Oct 17, 2017.
             Slain by an iguana (shapeshifter) (14 damage)
             ... on level 2 of the Dungeon.
             The game lasted 00:03:45 (1699 turns).

Irenicus the Insei (Octopode Chaos Knight)          Turns: 1699, Time: 00:03:45

Health: -2/34      AC:  1    Str: 10 (11) XL:     4   Next: 33%
Magic:  4/4        EV: 13    Int: 15 (16) God:    Xom [...*..]
Gold:   82         SH:  0    Dex: 12      Spells: 3/3 levels left

rFire    + . .     SeeInvis .     - Unarmed
rCold    . . .     Gourm    .   (no shield)
rNeg     . . .     Faith    .   (helmet restricted)
rPois    .         Spirit   .   (no amulet)
rElec    .         Reflect  .   (no ring)
rCorr    .         Harm     .   (no ring)
MR       .....                  (no ring)
Stlth    ++........             (no ring)
Regen    0.2/turn               (no ring)
MPRegen  0.1/turn               (no ring)
                                (no ring)
                                (no ring)

@: no status effects
A: almost no armour, stealthy swim, amphibious, 8 rings, constrict 8, beak,
camouflage 1, blink, blurry vision 1, clever 1, deterioration 1, fire resistance
1, robust 1, gelatinous body 1
a: Blink, Renounce Religion


You were on level 2 of the Dungeon.
You worshipped Xom.
You were a favourite toy of Xom.
You were very hungry.

You visited 1 branch of the dungeon, and saw 2 of its levels.

You collected 82 gold pieces.

Inventory:

Scrolls
 c - 2 scrolls of teleportation
 g - a scroll of fear
Potions
 b - 2 potions of curing {unknown}
 d - a potion of mutation {unknown}
 e - a potion of might {unknown}
 j - a potion of agility {unknown}
 l - a potion of heal wounds {unknown}
Comestibles
 a - 2 bread rations
 k - a royal jelly
 m - a chunk of flesh


   Skills:
 - Level 3.0 Fighting
 - Level 2.3 Dodging
 + Level 5.0 Unarmed Combat


You had 3 spell levels left.
You didn't know any spells.

Dungeon Overview and Level Annotations

Branches:
Dungeon (2/15)

Altars:
The Shining One


Innate Abilities, Weirdness & Mutations

You cannot wear most types of armour.
You are very stealthy in the water. (Stealth+)
You are amphibious.
You can wear up to eight rings at the same time.
You can use your tentacles to constrict eight enemies at once.
Your skin changes colour to match your surroundings (Stealth+).
Your rubbery body absorbs attacks. (AC +1, EV +1)
You have a beak for a mouth.
You can translocate small distances at will.
Scrolls take you a little longer to read.
Your mind is acute. (Int +2)
Your body sometimes deteriorates upon taking damage.
Your flesh is heat resistant. (rF+)
You are robust. (+10% HP)


Message History

You feel blessed for a moment.
It was a scroll of remove curse.
Xom is amused.
Really read with blurry vision while enemies are nearby?
The kobold misses you.
You begin reading the scroll.
You continue reading the scroll.
The river rat changes into an iguana!
The kobold hits you.
As you read the scroll labeled FOMISOE NOIBOA, it crumbles to dust.
You feel aware of your surroundings.
It was a scroll of magic mapping.
You closely miss the kobold. Your grab misses the kobold. The kobold hits you.
Really read with blurry vision while enemies are nearby?
You begin reading the scroll.
You continue reading the scroll.
The kobold completely misses you. The iguana bites you!
Your body deteriorates!
You feel weakened.
As you read the scroll labeled KOAPRU VUET, it crumbles to dust.
The scroll dissolves into smoke.
It was a scroll of fog.
You tentacle-slap the kobold but do no damage.
Your grab misses the kobold. Your squeeze misses the kobold.
The kobold hits you. The iguana bites you!
You die...
Xom laughs nastily!

#.##.## ###..#.........# #.
#.##..# #..[##.........# #.
#.###.# ####.#.##.........## #.
##.###.## #.......#..........###.
........###..♣♣♣.................
......#.##..♣# #♣................
.(....#..#..♣ ♣§§######....###.
......##....♣# #♣K##.......### #.
...>..###.#..♣♣♣@§#...###### #.
.####.........§§l§..### #. ..#
#####...#.#§§§..# #. #.#
##..........## #. #'##
##.........#.### ##. ...♣#
#..............# #..
....###............#.## ###..
...♣##.............#..# ##....
....##.#..........###.######..##.


You could see an iguana shaped shifter and a kobold.

Vanquished Creatures
  An adder (D:2)
  2 oozes
  2 worms (D:2)
  5 dart slugs
  4 giant cockroaches
  4 goblins
  6 hobgoblins
  7 kobolds
  5 bats
  3 frilled lizards
  3 rats
42 creatures vanquished.

Notes
Turn   | Place    | Note
-------+----------+-------------------------------------------
     0 | D:1      | Irenicus the Octopode Chaos Knight began the quest for the Orb.
     0 | D:1      | Reached XP level 1. HP: 16/16 MP: 1/1
   125 | D:1      | Reached XP level 2. HP: 18/21 MP: 2/2
   250 | D:1      | XOM: divination: magic mapping
   274 | D:1      | XOM: divination: detect creatures
   331 | D:1      | Reached skill level 4 in Unarmed Combat
   334 | D:1      | Reached XP level 3. HP: 25/26 MP: 3/3
   633 | D:1      | XOM: give mutations
   633 | D:1      | Gained mutation: Your flesh is heat resistant. (rF+) [Xom's mischief]
   633 | D:1      | Gained mutation: Scrolls take you a little longer to read. [Xom's mischief]
   633 | D:1      | Gained mutation: Your body sometimes deteriorates upon taking damage. [Xom's mischief]
   959 | D:2      | XOM: cleaving
  1301 | D:2      | Found a glowing golden altar of the Shining One.
  1339 | D:2      | XOM: enchant monster (good)
  1343 | D:2      | Reached XP level 4. HP: 31/31 MP: 4/4
  1632 | D:2      | Reached skill level 5 in Unarmed Combat
  1643 | D:2      | XOM: polymorph rat -> bat
  1685 | D:2      | XOM: give mutations
  1685 | D:2      | Gained mutation: You are robust. (+10% HP) [Xom's grace]
  1685 | D:2      | Gained mutation: You can translocate small distances at will. [Xom's grace]
  1685 | D:2      | Gained mutation: You have a beak for a mouth. [Xom's grace]
  1685 | D:2      | Gained mutation: Your mind is acute. (Int +2) [Xom's grace]
  1699 | D:2      | Slain by an iguana (shapeshifter)

Skill      XL: |  1  2  3  4 |
---------------+-------------+-----
Unarmed Combat | 4 5 |  5.0
Fighting       | |  3.0
Dodging        | |  2.3

Action                   |  1- 3 |  4- 6 || total
-------------------------+-------+-------++-------
Melee: Unarmed           |    67 |    20 ||    87
       Tentacles         |    12 |     3 ||    15
       Constrict         |    14 |     7 ||    21
  Use: Scroll            |       |     5 ||     5
 Stab: Sleeping          |     6 |       ||     6
       Paralysed         |     4 |       ||     4
  Eat: Chunk             |     1 |       ||     1
Armor: Skin              |     4 |     2 ||     6
Dodge: Dodged            |    22 |     7 ||    29
